 Dungeon Crawl Stone Soup version 0.26-a0-651-gb41185065b (webtiles) character file.

Game seed: 16936058382523705747

1563 ipx the Cleaver (level 8, 0/68 HPs)
             Began as a Minotaur Fighter on Oct 9, 2020.
             Was a Follower of Okawaru.
             Slain by an ice beast (12 damage)
             ... on level 8 of the Dungeon.
             The game lasted 00:22:56 (1693 turns).

ipx the Cleaver (Minotaur Fighter)                  Turns: 1693, Time: 00:22:56

Health: 0/68       AC: 13    Str: 22    XL:     8   Next: 58%
Magic:  8/8        EV:  6    Int:  5    God:    Okawaru [*.....]
Gold:   258        SH: 10    Dex: 11    Spells: 7/7 levels left

rFire    . . .     SeeInvis .   a - +0 war axe
rCold    . . .     Faith    .   c - +0 kite shield
rNeg     . . .     Spirit   .   m - +0 chain mail
rPois    .         Reflect  .   (helmet restricted)
rElec    .         Harm     .   (no cloak)
rCorr    .         Rampage  .   (no gloves)
MR       .....                  t - +2 pair of boots
Stlth    ..........             (no amulet)
HPRegen  0.21/turn              (no ring)
MPRegen  0.11/turn              (no ring)

@: no status effects
A: retaliatory headbutt, horns 2
a: Heroism, Renounce Religion


You were on level 8 of the Dungeon.
You worshipped Okawaru.
Okawaru was aware of your devotion.
You visited 2 branches of the dungeon, and saw 9 of its levels.
You also visited: Bailey.

You collected 258 gold pieces.

Inventory:

Hand Weapons
 a - a +0 war axe (weapon)
 b - a +3 flail
Armour
 c - a +0 kite shield (worn)
 m - a +0 chain mail (worn)
 t - a +2 pair of boots (worn)
Wands
 r - a wand of iceblast (8)
Scrolls
 e - 3 scrolls of fear
 f - 2 scrolls of remove curse
 g - a scroll of immolation {unknown}
 h - a scroll of random uselessness {unknown}
 k - 4 scrolls of identify {unknown}
 l - 3 scrolls of blinking {unknown}
 s - a scroll of teleportation {unknown}
Potions
 d - 2 potions of heal wounds {unknown}
 i - a potion of invisibility {unknown}
 j - 3 potions of flight
 n - 2 potions of stabbing {unknown}
 o - a potion of degeneration {unknown}
 q - a potion of lignification {unknown}
 u - 2 potions of haste {unknown}


   Skills:
 - Level 5.0 Fighting
 * Level 10.9 Axes
 - Level 5.0 Armour
 - Level 4.7 Shields
 + Level 1.7 Invocations
 + Level 2.2 Evocations


You had 7 spell levels left.
You didn't know any spells.
Your spell library was empty.

Dungeon Overview and Level Annotations

Branches:
Dungeon (8/15)             Temple (1/1) D:5          Bailey (visited)
   Lair: D:8-11

Altars:
Ashenzari
Cheibriados
Dithmenos
Elyvilon
Fedhas
Gozag
Hepliaklqana
Kikubaaqudgha
Makhleb
Nemelex Xobeh
Okawaru
Qazlal
Ru
Sif Muna
Trog
Uskayaw
Vehumet
Wu Jian
Xom
Yredelemnul
Zin
The Shining One


Innate Abilities, Weirdness & Mutations

You reflexively headbutt those who attack you in melee.
You have a pair of horns on your head.


Message History

Found 3 scrolls labeled GUINNU WU ZILITT.
Okay, then.
Unknown command.
You hit the ice beast.
The ice beast is lightly wounded.
You block the ice beast's attack.
You closely miss the ice beast.
The ice beast is lightly wounded.
You block the ice beast's attack.
You hit the white imp. Your headbutt misses the white imp.
The white imp is lightly wounded.
Your chain mail prevents you from hitting the ice beast.
The ice beast hits you but does no damage.
You block the white imp's attack.
You hit the white imp. Your headbutt misses the white imp.
The white imp is severely wounded.
You barely miss the ice beast. The ice beast hits you.
* * * LOW HITPOINT WARNING * * *
The ice beast freezes you!
You die...

## #. #. #### #. ..#
#. #.# ##.##########
#.#
#.5@........######..
#.Y########........#
#.. ########.. #..
##. #.. . #?. . #..
. #.. #. #.


You could see an ice beast and a white imp.

Vanquished Creatures
  Sigmund (D:2)
  An ice beast (D:5)
  A black bear (D:8)
  2 sky beasts
  A centaur (D:5)
  An ogre (D:7)
  A bullfrog (D:7)
  A scorpion (D:4)
  3 wights (D:7)
  A howler monkey (D:6)
  2 orc priests
  5 hounds
  A jelly (D:7)
  A gnoll shaman (D:6)
  Jessica (D:3)
  2 iguanas
  3 worker ants
  2 hound skeletons (D:4)
  5 gnolls
  6 adders
  An ooze (D:3)
  A dart slug (D:4)
  14 orcs
  2 bats (D:1)
  2 giant cockroaches
  2 goblins
  2 hobgoblins
  4 jackals (D:4)
  7 kobolds
  2 quokkas
  4 frilled lizards
  A quokka skeleton (D:5)
  5 rats
88 creatures vanquished.

Notes
Turn   | Place    | Note
-------+----------+-------------------------------------------
     0 | D:1      | ipx the Minotaur Fighter began the quest for the Orb.
     0 | D:1      | Reached XP level 1. HP: 19/19 MP: 0/0
    56 | D:1      | Reached skill level 3 in Axes
   100 | D:1      | Reached XP level 2. HP: 26/26 MP: 1/1
   202 | D:2      | Noticed Sigmund
   216 | D:2      | Killed Sigmund
   216 | D:2      | Reached skill level 6 in Axes
   216 | D:2      | Reached XP level 3. HP: 20/31 MP: 2/2
   216 | D:2      | Reached XP level 4. HP: 25/39 MP: 3/3
   216 | D:2      | Reached XP level 5. HP: 29/45 MP: 4/4
   270 | D:3      | Reached skill level 7 in Axes
   373 | D:3      | Noticed Jessica
   384 | D:3      | Killed Jessica
   384 | D:3      | Reached XP level 6. HP: 26/51 MP: 5/5
   420 | D:4      | Reached skill level 8 in Axes
   447 | D:4      | Found a sacrificial altar of Ru.
   746 | D:5      | Entered Level 5 of the Dungeon
   786 | D:5      | Noticed a sky beast
   803 | D:5      | Killed a sky beast
   803 | D:5      | Reached skill level 5 in Fighting
   803 | D:5      | Reached XP level 7. HP: 34/61 MP: 6/6
   884 | D:5      | Found a staircase to the Ecumenical Temple.
   892 | Temple   | Entered the Ecumenical Temple
   931 | Temple   | Became a worshipper of Warmaster Okawaru
  1052 | D:4      | Found a stormy altar of Qazlal.
  1069 | D:4      | Reached skill level 9 in Axes
  1279 | D:6      | Reached XP level 8. HP: 37/68 MP: 7/7
  1302 | D:6      | Reached * piety under Okawaru
  1302 | D:6      | Reached skill level 5 in Armour
  1337 | D:7      | Found a blossoming altar of Fedhas.
  1397 | D:7      | Reached skill level 10 in Axes
  1460 | D:7      | Reached skill level 1 in Evocations
  1498 | D:7      | Reached skill level 1 in Invocations
  1585 | D:8      | Found a flagged portal.
  1598 | Bailey   | Entered a bailey
  1608 | Bailey   | Noticed an orc knight
  1613 | Bailey   | Noticed an orc knight
  1619 | Bailey   | Noticed an orc knight
  1693 | D:8      | Slain by an ice beast

Illustrated notes

Levels and vault maps discovered:
D:1:      tarquinn_simple_flora_water_c, layout_basic,
          ebering_dispersal_statue_hall
D:2:      layout_loops_ring, uniq_sigmund
D:3:      layout_loops_ring, uniq_jessica
D:4:      layout_loops_ring, nicolae_qazlal_general_emergency,
          hangedman_ru_absence, uniq_menkaure
D:5:      minmay_angry_zag, layout_basic, minmay_temple_entry_glassed_door
D:6:      layout_cave_pools, serial_gnoll_camp, gnoll_camp_mini_shop,
          grums_kennel, gnoll_camp_mini_house, gnoll_camp_mini_hut,
          ebering_ghost_inner_flame, minmay_fractal_squares_5
D:7:      layout_loops_corners, lemuel_altar_in_water
D:8:      layout_loops_ring, enter_bailey_6, serial_shops, shop,
          grunt_ministairs_11
Temple:   kilobyte_greek_temple

Skill      XL: |  1  2  3  4  5  6  7  8 |
---------------+-------------------------+-----
Axes           | 3 6 7 8 9 10 | 10.9
Fighting       | 5 |  5.0
Armour         | 4 5 |  5.0
Shields        | 4 |  4.7
Evocations     | 2 |  2.2
Invocations    | 1 |  1.7

Action                   |  1- 3 |  4- 6 |  7- 9 || total
-------------------------+-------+-------+-------++-------
Melee: War axe           |    23 |   107 |   137 ||   267
       Headbutt          |     3 |    16 |    23 ||    42
Throw: Throwing net      |       |       |     1 ||     1
Invok: Heroism           |       |       |     2 ||     2
  Use: Potion            |     1 |       |     1 ||     2
       Scroll            |       |     2 |       ||     2
Armor: Scale mail        |    10 |     6 |       ||    16
       Chain mail        |       |    34 |    89 ||   123
Dodge: Dodged            |     9 |    20 |    39 ||    68
Block: Kite shield       |    10 |    44 |   102 ||   156

Table legend: (Time is in decaauts)
 A = Elapsed time spent in this place.
 B = Non-inter-level travel time spent in this place.
 C = Inter-level travel time spent in this place.
 D = Time resting spent in this place.
 E = Time spent auto-exploring this place.
 F = Levels seen in this place.
 G = Mean time per level.
                   A        B        C        D        E       F      G
               +--------+--------+--------+--------+--------+-----+--------+
         Total |   1768 |   1735 |     33 |      0 |      0 |  10 |  176.8 |
       Dungeon |   1639 |   1639 |      0 |      0 |      0 |   8 |  204.9 |
        Temple |     77 |     44 |     33 |      0 |      0 |   1 |   77.0 |
        Bailey |     51 |     51 |      0 |      0 |      0 |   1 |   51.0 |
               +--------+--------+--------+--------+--------+-----+--------+

Top non-repeatable levels by time:
     D:4: 392 daAuts
     D:5: 334 daAuts
     D:3: 239 daAuts
     D:2: 158 daAuts
     D:7: 152 daAuts
     D:8: 150 daAuts
     D:6: 128 daAuts
     D:1: 83 daAuts
  Temple: 77 daAuts
  Bailey: 51 daAuts
